Map: [TLMC15] Pride of Altaris

Players

Solar - Winner!

  • Race: Zerg Zerg
  • League: Master

DRG

  • Race: Zerg Zerg
  • League: Master

Event: StayAtHome Story Cup #4

VOD

Have the link to the VOD?

Description

Time

  • Played on: Oct. 24, 2021, 8:23 a.m.
  • Length: 8:53

All games in this series

Show
View Real Time Build Order
Export as new Build Order

Solar Zerg - Winner!

Build Orders: Hatch First 

Get SALT Encoding   

  12  0:00  Drone  
  13  0:12  Overlord  
  13  0:17  Drone  
  14  0:31  Drone x2  
  16  0:48  Hatchery  
  15  0:51  Drone  
  15  0:54  Drone  
  17  0:57  Drone  
  18  1:08  Extractor  
  17  1:13  Spawning Pool  
  17  1:16  Drone  
  17  1:20  Drone  
  18  1:28  Drone  
  19  1:38  Drone  
  20  1:49  Drone  
  21  2:00  Queen x2  
  25  2:02  Zergling x2  
  25  2:03  Overlord  
  26  2:08  Metabolic Boost  
  26  2:10  Drone  
  26  2:11  Drone  
  28  2:22  Drone x2  
  30  2:36  Hatchery  
  29  2:37  Drone  
  29  2:39  Drone  
  31  2:47  Baneling Nest  
  31  2:48  Drone  
  31  2:49  Drone  
  32  2:54  Overlord  
  32  2:56  Zergling x2  
  33  3:05  Zergling x2  
  34  3:06  Drone  
  34  3:08  Drone  
  36  3:13  Zergling x8  
  36  3:14  Zergling x2  
  36  3:16  Zergling x2  
  42  3:22  Overlord  
  42  3:31  Baneling, Zergling x2  
  42  3:33  Zergling x2  
  44  3:35  Baneling  
  43  3:42  Zergling x2  
  43  3:43  Zergling x12  
  50  3:48  Queen  
  50  3:49  Drone  
  50  3:50  Drone  
  50  3:53  Overlord  
  54  3:57  Drone  
  54  3:59  Drone  
  56  4:03  Baneling x2  
  56  4:05  Drone  
  57  4:15  Zergling x12  
  57  4:17  Drone  
  64  4:20  Drone  
  64  4:23  Drone  
  65  4:26  Overlord  
  64  4:33  Roach Warren, Baneling x2  
  64  4:34  Drone x2, Extractor  
  64  4:36  Drone  
  64  4:38  Drone  
  66  4:41  Overlord  
  66  4:44  Overlord  
  66  4:47  Zergling x2  
  66  4:49  Zergling x2  
  68  4:55  Drone  
  68  4:56  Zergling x2  
  68  4:59  Drone  
  71  5:00  Drone  
  71  5:01  Overlord  
  71  5:02  Extractor  
  70  5:14  Roach x5  
  70  5:15  Roach x4  
  70  5:17  Roach  
  82  5:24  Drone  
  82  5:25  Drone, Evolution Chamber  
  82  5:27  Drone  
  84  5:32  Zergling x6  
  84  5:38  Drone  
  84  5:40  Roach x4  
  84  5:41  Roach  
  95  5:42  Overlord  
  95  5:45  Drone  
  95  5:47  Drone  
  97  5:52  Zerg Missile Weapons Level 1  
  97  5:53  Overlord  
  97  5:55  Overlord  
  97  5:57  Lair  
  97  5:59  Drone  
  97  6:01  Drone x2  
  97  6:02  Drone  
  100  6:04  Drone  
  100  6:05  Drone  
  100  6:09  Drone x3  
  100  6:10  Drone  
  106  6:12  Drone  
  106  6:16  Drone, Extractor  
  106  6:17  Roach x2  
  108  6:21  Drone x2  
  108  6:22  Drone, Extractor  
  110  6:30  Overlord  
  110  6:33  Drone x3  
  110  6:36  Drone  
  110  6:38  Roach x2  
  118  6:46  Overlord  
  118  6:49  Roach x5  
  118  6:54  Overlord, Glial Reconstitution  
  128  6:55  Hatchery  
  128  6:56  Overseer  
  128  6:57  Roach  
  128  7:01  Drone, Overlord  
  130  7:04  Overlord  
  129  7:08  Roach  
  129  7:09  Roach x2  
  129  7:12  Roach x3  
  141  7:19  Roach  
  141  7:20  Roach x4  
  141  7:22  Overlord  
  150  7:26  Roach x3  
  150  7:29  Roach  
  157  7:33  Overlord  
  157  7:36  Roach  
  159  7:39  Roach  
  159  7:42  Roach x3  
  166  7:44  Roach  
  166  7:46  Overlord x3  
  169  7:51  Ravager, Spine Crawler  
  169  7:52  Ravager x2  
  169  7:53  Roach x3, Ravager  
  169  7:55  Overlord  
  177  8:01  Spine Crawler  
  177  8:02  Ravager  
  177  8:03  Overlord  
  179  8:05  Roach  
  179  8:06  Roach x2  
  179  8:11  Roach x3  
  189  8:17  Extractor  
  188  8:22  Roach  
  188  8:23  Roach  
  188  8:26  Overlord  
  198  8:27  Roach x2  
  198  8:31  Drone  
Show
View Real Time Build Order
Export as new Build Order

DRG Zerg 

Build Orders: Hatch First 

Get SALT Encoding   

  12  0:00  Drone  
  13  0:12  Overlord  
  13  0:16  Drone  
  14  0:30  Drone x2  
  16  0:47  Hatchery  
  15  0:50  Drone  
  15  0:54  Drone  
  18  0:57  Drone  
  18  0:59  Extractor  
  17  1:13  Spawning Pool  
  17  1:16  Drone  
  17  1:19  Drone  
  18  1:28  Drone  
  19  1:38  Drone  
  20  1:49  Drone  
  21  2:00  Metabolic Boost, Queen x2  
  25  2:02  Drone  
  25  2:07  Overlord  
  26  2:10  Drone  
  26  2:12  Drone  
  28  2:25  Drone  
  28  2:26  Zergling x2  
  30  2:32  Hatchery  
  30  2:36  Drone  
  30  2:37  Drone  
  31  2:50  Baneling Nest  
  30  2:55  Zergling x8  
  34  3:04  Zergling x4  
  36  3:17  Overlord  
  36  3:24  Overlord  
  35  3:35  Zergling x2  
  35  3:37  Zergling x10  
  40  3:44  Queen  
  40  3:47  Drone x5  
  47  3:55  Baneling x2  
  47  3:56  Drone  
  47  3:59  Drone x2  
  50  4:07  Baneling x3  
  49  4:15  Drone  
  49  4:16  Drone  
  51  4:17  Drone  
  51  4:19  Drone x4  
  56  4:24  Zergling x2  
  56  4:26  Overlord  
  56  4:27  Overlord  
  56  4:29  Drone  
  58  4:33  Overlord, Extractor  
  58  4:37  Roach Warren, Zergling x4  
  57  4:41  Overlord  
  57  4:44  Overlord  
  57  4:46  Zergling x2  
  57  4:51  Zergling x10  
  63  4:56  Zergling x2  
  63  4:59  Queen  
  62  5:06  Zergling x6  
  65  5:13  Zergling x6  
  62  5:19  Roach x3  
  62  5:21  Roach  
  67  5:26  Roach  
  67  5:28  Roach  
  67  5:30  Roach x2  
  67  5:32  Roach  
  67  5:35  Roach  
  72  5:38  Roach  
  72  5:40  Roach  
  74  5:43  Queen  
  74  5:48  Evolution Chamber  
  75  5:51  Roach x2  
  75  5:54  Zergling x2  
  75  5:55  Zergling x2  
  81  6:00  Drone x3  
  82  6:05  Lair  
  82  6:09  Drone  
  81  6:11  Drone  
  82  6:21  Drone x4  
  82  6:22  Extractor  
  82  6:23  Zerg Missile Weapons Level 1  
  85  6:27  Drone x2  
  85  6:31  Roach  
  89  6:36  Drone  
  89  6:37  Overlord  
  90  6:41  Overlord, Extractor  
  90  6:43  Overlord  
  90  6:45  Drone  
  90  6:47  Overlord  
  90  6:55  Overlord  
  90  6:58  Roach x4  
  97  7:02  Roach  
  97  7:07  Roach x3  
  105  7:11  Glial Reconstitution  
  105  7:14  Drone  
  105  7:15  Drone x2  
  108  7:17  Roach  
  108  7:22  Roach  
  112  7:26  Roach x2  
  116  7:30  Roach x2  
  116  7:34  Roach x2  
  124  7:37  Roach  
  124  7:39  Overlord  
  126  7:45  Roach  
  126  7:48  Overlord  
  128  7:51  Overlord  
  128  7:57  Overlord  
  128  8:02  Roach x4  
  128  8:03  Overlord  
  136  8:06  Overlord  
  136  8:09  Overlord  
  136  8:14  Roach  
  138  8:21  Roach  
  138  8:23  Roach  
  142  8:28  Roach x2  
Tags
 
Add a new tag
Caveats
  • Supply blocks, unpowered buildings, or Contaminate may cause inaccurate times.
  • Supply counts are checked every 10 seconds.